 Dungeon Crawl Stone Soup version 0.21.0 (webtiles) character file.

118 Hekarica the Magician (level 4, -8/30 HPs)
             Began as a Mummy Fire Elementalist on May 20, 2018.
             Was a Follower of Cheibriados.
             Killed by divine providence
             ... invoked by an orc priest
              (13 damage)
             ... on level 3 of the Dungeon.
             The game lasted 00:15:23 (1885 turns).

Hekarica the Magician (Mummy Fire Elementalist)     Turns: 1885, Time: 00:15:24

Health: -8/30      AC:  2    Str: 14    XL:     4   Next: 72%
Magic:  0/9        EV: 12    Int: 16    God:    Cheibriados [*.....]
Gold:   96         SH:  0    Dex: 14    Spells: 7/10 levels left

rFire    x . .     SeeInvis .   e - +0 dagger
rCold    + . .     Gourm    .   (no shield)
rNeg     + + +     Faith    .   a - +0 robe
rPois    ∞         Spirit   .   (no helmet)
rElec    .         Reflect  .   (no cloak)
rCorr    .         Harm     .   (no gloves)
MR       .....                  (no boots)
Stlth    ++........             (no amulet)
HPRegen  0.10/turn              d - ring of wizardry
MPRegen  0.11/turn              (no ring)

@: very slow
A: no food or potions, fire vulnerability, cold resistance 1, negative energy
resistance 3, torment resistance, unbreathing
a: Bend Time, Renounce Religion


You were on level 3 of the Dungeon.
You worshipped Cheibriados.
Cheibriados was aware of your devotion.
You were not hungry.

You visited 1 branch of the dungeon, and saw 3 of its levels.

You collected 96 gold pieces.

Inventory:

Hand Weapons
 e - a +0 dagger (weapon)
Armour
 a - a +0 robe (worn)
Jewellery
 d - a ring of wizardry (left hand)
 f - an uncursed ring of see invisible {unknown}
Scrolls
 c - a scroll of remove curse {unknown}
 g - a scroll of teleportation {unknown}
 j - a scroll of noise {unknown}
 k - a scroll of random uselessness {unknown}
Books
 b - a book of Flames

   Spells                             Type                      Level
   a - Flame Tongue                   Conjuration/Fire             1
   b - Throw Flame                    Conjuration/Fire             2
   c - Conjure Flame                  Conjuration/Fire             3
   d - Inner Flame                    Hexes/Fire                   3
   e - Sticky Flame                   Conjuration/Fire             4
   f - Fireball                       Conjuration/Fire             5


   Skills:
 + Level 1.2 Short Blades
 + Level 2.2 Dodging
 + Level 2.4 Stealth
 + Level 3.6 Spellcasting
 + Level 1.7 Conjurations
 - Level 2.5 Fire Magic


You had 7 spell levels left.
You knew the following spells:

 Your Spells              Type           Power        Failure   Level  Hunger
a - Throw Flame           Conj/Fire      #.....       4%          2    N/A
b - Flame Tongue          Conj/Fire      #....        3%          1    N/A

Dungeon Overview and Level Annotations

Branches:
Dungeon (3/15)

Altars:
Cheibriados


Innate Abilities, Weirdness & Mutations

You do not eat or drink.
Your flesh is vulnerable to fire.
You are immune to poison.
Your flesh is cold resistant. (rC+)
You are immune to negative energy. (rN+++)
You are immune to unholy pain and torment.
You can survive without breathing.


Message History

Cheibriados thoroughly appreciates the change of pace.
Casting: Throw Flame
Confirm with . or Enter, or press ? or * to list all spells.
Aiming: Throw Flame
Press: ? - help, Shift-Dir - straight line, f - orc priest
Aim: an orc priest, wielding a club and wearing a chain mail (black smoke)
The puff of flame hits the orc priest.
The orc priest is heavily wounded.
The orc priest casts a cantrip, but nothing happens.
Okay, then.
Casting: Throw Flame
Confirm with . or Enter, or press ? or * to list all spells.
Aiming: Throw Flame
Press: ? - help, Shift-Dir - straight line, f/p - orc priest
Aim: an orc priest, wielding a club and wearing a chain mail (black smoke, heavily wounded)
The puff of flame hits the orc priest.
The orc priest appears unharmed.
The orc priest is heavily wounded.
The orc priest calls down the wrath of Beogh upon you.
Beogh smites you!
You die...

#.....# #.....# ...
#..)..# #.# ..... #.#
.>. ###.# ######o# ..#.#
#......# #.#.#
#.....§#####.#.#
#.....oo@§§#.#.#
#.....####§#.#.# #.....#
#.....# ##### ###.....#
###.### ..).# #.+.....#
#<....# ....# #.#.....#
###.#.#
....###'#.....######.#.#
..........###.†......# #
#.........# ##########


You could see an orc priest and an orc.

Vanquished Creatures
  7 adders
  A worm (D:2)
  2 dart slugs
  An orc (D:3)
  A ball python (D:2)
  5 giant cockroaches
  5 goblins
  A hobgoblin (D:1)
  3 jackals (D:2)
  3 kobolds (D:1)
  A quokka (D:3)
  12 bats
  A frilled lizard (D:2)
  3 rats
46 creatures vanquished.

Notes
Turn   | Place    | Note
-------+----------+-------------------------------------------
     0 | D:1      | Hekarica the Mummy Fire Elementalist began the quest for the Orb.
     0 | D:1      | Reached XP level 1. HP: 13/13 MP: 4/4
   113 | D:1      | Reached skill level 1 in Conjurations
   138 | D:1      | Reached XP level 2. HP: 15/19 MP: 0/5
   434 | D:1      | Reached skill level 3 in Spellcasting
   758 | D:2      | Reached XP level 3. HP: 20/24 MP: 1/7
  1190 | D:2      | Reached skill level 1 in Short Blades
  1190 | D:2      | Reached XP level 4. HP: 30/30 MP: 0/9
  1406 | D:2      | Found a faded altar of an unknown god.
  1689 | D:2      | Became a worshipper of Cheibriados the Contemplative
  1689 | D:2      | Reached * piety under Cheibriados
  1710 | D:2      | Learned a level 2 spell: Throw Flame
  1885 | D:3      | Killed from afar by an orc priest

Skill      XL: |  1  2  3 |
---------------+----------+-----
Conjurations   | 1 |  1.7
Spellcasting   | 3 |  3.6
Stealth        | 2 |  2.4
Dodging        | 2 |  2.2
Short Blades   | 1 |  1.2
Fire Magic     | |  2.5

Action                   |  1- 3 |  4- 6 || total
-------------------------+-------+-------++-------
Melee: Unarmed           |     4 |       ||     4
       Dagger            |    51 |    26 ||    77
 Cast: Flame Tongue      |    55 |    11 ||    66
       Throw Flame       |       |     7 ||     7
  Use: Scroll            |       |     4 ||     4
 Stab: Sleeping          |     1 |       ||     1
Armor: Robe              |    14 |     4 ||    18
Dodge: Dodged            |    49 |    18 ||    67
